 Dungeon Crawl Stone Soup version 0.29.0-4-gdea44cf6ec (webtiles) character file.

Game seed: 13727010147893458926

16 qw the Sneak (level 2, -7/19 HPs)
             Began as a Gargoyle Delver on Sept 10, 2022.
             Hit by a boomerang thrown by a gnoll (9 damage)
             ... on level 5 of the Dungeon.
             The game lasted 00:00:05 (143 turns).

qw the Sneak (Gargoyle Delver)                       Turns: 143, Time: 00:00:06

Health: -7/19      AC:  5    Str: 15    XL:     2   Next: 54%
Magic:  2/2        EV: 11    Int: 10    God:
Gold:   33         SH:  0    Dex: 11    Spells: 1/1 levels left

rFire   . . .      SeeInvis .   a - +0 hand axe
rCold   . . .      Faith    .   (no shield)
rNeg    + . .      Spirit   .   b - +0 leather armour
rPois   inf        Reflect  .   (no helmet)
rElec   +          Harm     .   (no cloak)
rCorr   .          Rampage  .   (no gloves)
Will    .....                   (no boots)
Stlth   +++.......              (no amulet)
HPRegen 0.06/turn               (no ring)
MPRegen 0.08/turn               (no ring)

@: no status effects
A: sickness immunity, AC +2, negative energy resistance 1, electricity
resistance, torment resistance 1, petrification resistance
a: no special abilities


You were on level 5 of the Dungeon.
You visited 1 branch of the dungeon, and saw 1 of its levels.

You collected 33 gold pieces.


Innate Abilities, Weirdness & Mutations

You are immune to sickness and miasma.
Your stone body is resilient. (AC +2)
You are immune to poison.
You resist negative energy. (rN+)
You are resistant to electric shocks. (rElec)
You are resistant to unholy torment.
You are immune to petrification.


   Skills:
 - Level 3.2 Fighting
 + Level 2.8 Axes
 - Level 1.5 Dodging
 - Level 5.4 Stealth


You had one spell level left.
You didn't know any spells.
Your spell library was empty.

Inventory:

Hand Weapons
 a - a +0 hand axe (weapon)
Armour
 b - a +0 leather armour (worn)
Wands
 g - a wand of digging (3)
Scrolls
 c - a scroll of fog
 d - a scroll of magic mapping
 e - a scroll of fear
Potions
 f - a potion of haste

Dungeon Overview and Level Annotations

Branches:
Dungeon (5/15)
 Temple: D:4-7

Altars:


Message History

The jackal bites you but does no damage.
The jackal misses you.
You barely miss the jackal.
The jackal is moderately wounded.
You hit the jackal but do no damage. The jackal closely misses you.
The gnoll hits you but does no damage.
The jackal bites you but does no damage. x2
The gnoll hits you from afar with a +0 spear.
You closely miss the jackal.
The jackal is moderately wounded.
You closely miss the jackal. The jackal closely misses you.
The jackal bites you but does no damage. x2
The gnoll closely misses you. The jackal barely misses you.
You hit the jackal.
You kill the jackal!
You closely miss the jackal. The jackal closely misses you.
The gnoll throws a boomerang.
The boomerang hits you but does no damage.
You hit the jackal.
The jackal is lightly wounded.
The jackal bites you but does no damage.
The gnoll closely misses you. The jackal barely misses you.
You hit the jackal.
The jackal is severely wounded.
The jackal bites you but does no damage.
The gnoll closely misses you. The jackal barely misses you.
You closely miss the jackal.
The jackal is severely wounded.
The gnoll closely misses you. The jackal barely misses you.
The gnoll hits you but does no damage.
You barely miss the jackal.
The jackal is severely wounded.
The jackal barely misses you.
The jackal bites you but does no damage.
The gnoll hits you from afar with a +0 spear.
You closely miss the jackal.
The jackal is severely wounded.
The jackal misses you.
The gnoll throws a boomerang.
The boomerang hits you!
You die...

....#.#######.#.#
..............#.#
.....#..######.#
.S. #..# #.# g
#..# #.# ~~.
#..### #.#
~~...#.=..# #>#
~~~...gg.h# #.#
~~~P.#.#.@# #.#
~~~P.#.#..# #.#
~~P. #.#..# #.#
~hh. #.#..# #.#
... .)#..# #.#
###..# #.# #..#
#..#


You could see 2 gnolls and a jackal.

Vanquished Creatures
  An adder (D:5)
  5 jackals (D:5)
6 creatures vanquished.

Vanquished Creatures (others)
  6 plants (D:5)
6 creatures vanquished.

Grand Total: 12 creatures vanquished

Notes
Turn   | Place    | Note
-------+----------+-------------------------------------------
     0 | D:5      | qw the Gargoyle Delver began the quest for the Orb.
     0 | D:5      | Reached XP level 1. HP: 14/14 MP: 1/1
     0 | D:5      | 0 ||| qw: Version: 0.1-a-117-gfe26ee0
     0 | D:5      | 0 ||| qw: Game counter: 9683
     0 | D:5      | 0 ||| qw: Always use a shield: true
     0 | D:5      | 0 ||| qw: God list: Okawaru
     0 | D:5      | 0 ||| qw: Allow faded altars: false
     0 | D:5      | 0 ||| qw: Do Orc after D:15 true
     0 | D:5      | 0 ||| qw: Do second Lair branch before Depths: true
     0 | D:5      | 0 ||| qw: Lair rune preference: random
     0 | D:5      | 0 ||| qw: Plans: Normal
     0 | D:5      | 0 ||| PLANNING D:1-11
    34 | D:5      | 34 ||| Stepping ~*~*~tactically~*~*~ (stealth).
    45 | D:5      | 45 ||| Stepping ~*~*~tactically~*~*~ (stealth).
   111 | D:5      | 111 ||| Stepping ~*~*~tactically~*~*~ (stealth).
   115 | D:5      | 115 ||| Stepping ~*~*~tactically~*~*~ (stealth).
   117 | D:5      | 117 ||| Stepping ~*~*~tactically~*~*~ (stealth).
   121 | D:5      | 121 ||| Stepping ~*~*~tactically~*~*~ (stealth).
   122 | D:5      | 122 ||| Stepping ~*~*~tactically~*~*~ (stealth).
   123 | D:5      | 123 ||| Stepping ~*~*~tactically~*~*~ (stealth).
   125 | D:5      | 125 ||| Stepping ~*~*~tactically~*~*~ (stealth).
   126 | D:5      | 126 ||| Stepping ~*~*~tactically~*~*~ (stealth).
   133 | D:5      | Reached XP level 2. HP: 12/19 MP: 2/2
   142 | D:5      | HP: 2/19 [gnoll/+0 spear (3)]
   143 | D:5      | Hit by a boomerang thrown by a gnoll

Levels and vault maps discovered:
D:5:      layout_loops_ring, hellmonk_bongcloud_opening,
          guppyfry_early_lair_pool

Skill      XL: |  1 |
---------------+----+-----
Axes           | 2 |  2.8
Fighting       | |  3.2
Dodging        | |  1.5
Stealth        | |  5.4

Action                   || total
-------------------------++-------
Melee: Hand axe          ||    23
Armor: Leather armour    ||    28
Dodge: Dodged            ||    30

Table legend:
 A = Non-vault XP
 B = Vault XP
 C = Vault XP percentage of total XP
 D = Non-vault monster count
 E = Vault monster count
 F = Vault count percentage of total count
                 A         B        C        D         E       F
            +---------+---------+-------+---------+---------+-------
      Total |      10 |      13 |  56.5 |       5 |       1 |  16.7
            +---------+---------+-------+---------+---------+-------
        D:5 |      10 |      13 |  56.5 |       5 |       1 |  16.7
            +---------+---------+-------+---------+---------+-------
